 Dungeon Crawl Stone Soup version 0.22-a0-439-gac93bac (webtiles) character file.

948 Borgoz the Ducker (level 8, -9/67 HPs)
             Began as a Ghoul Gladiator on May 29, 2018.
             Mangled by an ogre
             ... wielding a cursed +0 giant spiked club
              (25 damage)
             ... on level 3 of the Dungeon.
             The game lasted 00:08:40 (4201 turns).

Borgoz the Ducker (Ghoul Gladiator)                 Turns: 4201, Time: 00:08:40

Health: -9/67      AC:  4    Str: 18    XL:     8   Next: 13%
Magic:  7/7        EV: 14    Int:  3    God:
Gold:   147        SH:  0    Dex: 12    Spells: 7/7 levels left

rFire    . . .     SeeInvis .     - Unarmed
rCold    + . .     Gourm    .   (no shield)
rNeg     + + +     Faith    .   a - +0 leather armour
rPois    ∞         Spirit   .   b - +0 helmet
rElec    .         Reflect  .   (no cloak)
rCorr    .         Harm     .   (no gloves)
MR       .....                  (no boots)
Stlth    +.........             (no amulet)
HPRegen  0.00/turn              (no ring)
MPRegen  0.10/turn              (no ring)

@: confused, rotting
A: rotting body, claws 1, carnivore, cold resistance 1, negative energy
resistance 3, inhibited regeneration, torment resistance, unbreathing
a: no special abilities


You were on level 3 of the Dungeon.
You were not hungry.

You visited 1 branch of the dungeon, and saw 3 of its levels.

You collected 147 gold pieces.

Inventory:

Hand Weapons
 g - a +5 quarterstaff of chaos
Missiles
 c - 3 throwing nets (quivered)
Armour
 a - a +0 leather armour (worn)
 b - a +0 helmet (worn)
Wands
 t - a wand of random effects (43)
Scrolls
 e - 2 scrolls of enchant weapon
 h - a scroll of teleportation
 k - a scroll of enchant armour {unknown}
 n - a scroll of amnesia
 r - a scroll of magic mapping
 s - a scroll of fog {unknown}
 u - a scroll of random uselessness {unknown}
Potions
 m - 2 potions of magic
 p - 3 potions of flight
 q - a potion of degeneration {unknown}
 v - a potion of lignification {unknown}
Comestibles
 d - 10 rations


   Skills:
 + Level 4.4 Fighting
 - Level 1.7 Throwing
 * Level 4.5 Armour
 * Level 5.5 Dodging
 + Level 5.1 Unarmed Combat


You had 7 spell levels left.
You didn't know any spells.
Your spell library contained the following spells:

 Spells                   Type           Power        Failure   Level  Hunger
 Spider Form              Tmut/Pois      #.........   91%         3    ####...
 Blade Hands              Tmut           #.........   100%        5    ######.
 Ice Form                 Ice/Tmut       #.......     100%        4    #####..
 Sticks to Snakes         Tmut           #.......     73%         2    ###....
 Beastly Appendage        Tmut           #.....       58%         1    ##.....


Dungeon Overview and Level Annotations

Branches:
Dungeon (3/15)

Altars:
Okawaru
Qazlal


Innate Abilities, Weirdness & Mutations

Your body is rotting away.
You thrive on raw meat.
You are immune to poison.
You have sharp fingernails.
You are carnivorous and can eat meat at any time.
Your flesh is cold resistant. (rC+)
You are immune to negative energy. (rN+++)
You do not regenerate when monsters are visible.
You are immune to unholy pain and torment.
You can survive without breathing.


Message History

The gnoll is severely wounded.
The gnoll hits you.
* * * LOW HITPOINT WARNING * * *
It was a potion of ambrosia.
You are confused.
You feel invigorated. The gnoll hits you.
* * * LOW HITPOINT WARNING * * *
The gnoll barely misses you.
You claw the gnoll!
You kill the gnoll!
You claw the ogre!
The ogre is moderately wounded.
The ogre hits you with a giant spiked club!
* * * LOW HITPOINT WARNING * * *
You claw the ogre!
The ogre is severely wounded.
You scratch the ogre.
The ogre is severely wounded.
The ogre hits you with a giant spiked club!!
You die...

#################################
................P................
....P...........÷.P..............
....≈≈≈≈≈≈≈≈≈≈≈≈≈≈≈≈≈≈≈≈≈≈≈≈≈≈≈≈≈
....≈≈≈≈≈≈≈≈≈≈≈≈≈≈≈≈≈≈≈≈≈≈≈≈≈≈≈≈≈
....≈≈#####≈≈≈≈≈≈≈≈≈≈≈≈≈≈≈≈≈≈≈≈≈≈
....≈≈#...#......................
...P≈≈#...#######################
....≈≈###'#....O@.......##.......
....≈≈≈.#.#...)###'############'#
.P..≈≈≈.#.#....#.#..............#
....≈≈≈.#.###)##.#............).#
....≈≈≈.#......#.#.......)).....#
....≈≈≈.#......#.'..............'
....≈≈≈.#.#######################
....≈≈≈.#.#...........#....#.....
....≈≈≈.#.'.....?.))..'....'...).


You could see an ogre.

Vanquished Creatures
  Grinder (D:3)
  The ghost of cultivahabas the Cudgeler, a weakling GrMo of Nemelex Xobeh (D:3)
  An orc priest (D:3)
  A centaur skeleton (D:3)
  Crazy Yiuf (D:2)
  2 gnoll shamans (D:3)
  Jessica (D:3)
  Ijyb (D:3)
  Terence (D:2)
  35 gnolls
  4 adders
  A dart slug (D:1)
  2 leopard geckos (D:3)
  14 orcs
  3 bats
  3 goblins
  10 hobgoblins
  17 jackals (D:3)
  5 kobolds
  5 rats
109 creatures vanquished.

Notes
Turn   | Place    | Note
-------+----------+-------------------------------------------
     0 | D:1      | Borgoz the Ghoul Gladiator began the quest for the Orb.
     0 | D:1      | Reached XP level 1. HP: 17/17 MP: 0/0
   395 | D:1      | Reached XP level 2. HP: 13/25 MP: 1/1
   564 | D:2      | Reached skill level 1 in Armour
   743 | D:2      | Found a runed door.
   835 | D:2      | Noticed Terence
   847 | D:2      | Killed Terence
   847 | D:2      | Reached XP level 3. HP: 19/30 MP: 2/2
  1638 | D:3      | Noticed Jessica
  1669 | D:2      | Reached XP level 4. HP: 18/36 MP: 3/3
  1733 | D:3      | Killed Jessica
  1790 | D:3      | Noticed Grinder
  1804 | D:3      | Reached XP level 5. HP: 37/44 MP: 4/4
  1836 | D:3      | Paralysed by Grinder for 4 turns
  1852 | D:3      | Killed Grinder
  1852 | D:3      | Reached XP level 6. HP: 30/51 MP: 5/5
  2003 | D:3      | Found a stormy altar of Qazlal.
  2076 | D:3      | Noticed Ijyb
  2110 | D:3      | Killed Ijyb
  2156 | D:3      | Noticed cultivahabas's ghost (weakling GrMo)
  2257 | D:3      | Reached XP level 7. HP: 52/58 MP: 6/6
  2369 | D:3      | Found an iron altar of Okawaru.
  2757 | D:2      | Noticed Crazy Yiuf
  2763 | D:2      | Killed Crazy Yiuf
  2891 | D:3      | Killed cultivahabas's ghost
  2891 | D:3      | Reached skill level 5 in Dodging
  3582 | D:3      | HP: 2/59 [gnoll/spear (10)]
  3765 | D:3      | Reached skill level 5 in Unarmed Combat
  4031 | D:3      | Reached XP level 8. HP: 45/67 MP: 7/7
  4201 | D:3      | Mangled by an ogre

Vault maps used:
D:1:      shiori_arrival_oz, hangedman_decor_growths
D:2:      first_ration, serial_co_window_serial, co_window_paths_b,
          co_window_corner_a, co_window_cross_1, co_window_paths_a,
          co_window_paths_a, co_window_paths_a, co_window_paths_a,
          co_window_broadway_c, co_window_2corner, co_window_cross_4,
          co_window_of_opportunity_c, co_window_4corner_b, glass_columns_a,
          uniq_terence, uniq_crazy_yiuf_cottage
D:3:      lemuel_castle_with_subvaults, lemuel_crystal_altar,
          grunt_ministairs_2, okawaru_altar_gauntlet_db, uniq_grinder,
          uniq_ijyb, uniq_jessica

Skill      XL: |  1  2  3  4  5  6  7 |
---------------+----------------------+-----
Armour         | 1 2 3 4 |  4.5
Dodging        | 3 4 5 |  5.5
Fighting       | 3 4 |  4.4
Unarmed Combat | 4 5 |  5.1
Throwing       | |  1.7

Action                   |  1- 3 |  4- 6 |  7- 9 || total
-------------------------+-------+-------+-------++-------
Melee: Unarmed           |    59 |   145 |   314 ||   518
       Punch             |     1 |     2 |     7 ||    10
  Use: Scroll            |       |       |     9 ||     9
       Potion            |       |       |     4 ||     4
  Eat: Chunk             |     5 |    24 |    40 ||    69
Armor: Leather armour    |     5 |    29 |    42 ||    76
Dodge: Dodged            |    29 |   103 |   207 ||   339

Table legend:
 A = Spawn XP
 B = Non-spawn XP
 C = Spawn XP percentage of total XP
 D = Spawn monster count
 E = Non-spawn monster count
 F = Spawn count percentage of total count
 G = Total turns spent on level
                    A         B        C        D         E        F      G
               +---------+---------+-------+---------+---------+-------+---------
         Total |       0 |    1355 |   0.0 |       0 |     109 |   0.0 |  4201
               +---------+---------+-------+---------+---------+-------+---------
           D:1 |       0 |      17 |   0.0 |       0 |       8 |   0.0 |   524
           D:2 |       0 |     139 |   0.0 |       0 |      15 |   0.0 |  1700
           D:3 |       0 |    1199 |   0.0 |       0 |      86 |   0.0 |  1977
               +---------+---------+-------+---------+---------+-------+---------
